 Dungeon Crawl Stone Soup version 0.32-a0-587-gb28a26c (webtiles) character file.

Game seed: 10124397466866275281

40 Remcycle the Slasher (level 3, -1/29 HPs)
             Began as a Coglin Fighter on Mar 2, 2024.
             Slain by a gnoll
             ... wielding a +0 club
              (4 damage)
             ... on level 2 of the Dungeon.
             The game lasted 00:01:17 (816 turns).

Remcycle the Slasher (Coglin Fighter)                Turns: 816, Time: 00:01:18

Health: -1/29      AC:  6    Str: 18    XL:     3   Next: 50%
Magic:  3/3        EV:  9    Int:  7    God:
Gold:   58         SH:  4    Dex: 13    Spells: 2/2 levels left

rFire   . . .        a - +0 long sword {Jihoo}
rCold   . . .        c - +0 buckler
rNeg    . . .        b - +0 scale mail
rPois   .            (no helmet)
rElec   .            (no cloak)
rCorr   .            (no gloves)
SInv    .            (no boots)
Will    .....        (amulet unavailable) Stlth
                     (ring unavailable)
HPRegen 0.24/turn    (ring unavailable)
MPRegen 0.08/turn    (no gizmo)

%: no passive effects
@: revved
A: off-hand wielding, slow wielding, warmup strikes, no jewellery
a: Invent Gizmo


You were on level 2 of the Dungeon.
You visited 1 branch of the dungeon, and saw 2 of its levels.

You collected 58 gold pieces.

Inventory:

Hand Weapons
 a - a +0 long sword (weapon) {Jihoo}
Armour
 b - a +0 scale mail (worn)
 c - a +0 buckler (worn)
Scrolls
 e - 2 scrolls of identify {unknown}
 f - a scroll of fog {unknown}
 g - a scroll of teleportation {unknown}
 h - a scroll of immolation {unknown}
Potions
 d - a potion of might


   Skills:
 - Level 3.0 Fighting
 + Level 3.8 Long Blades
 - Level 2.6 Armour
 - Level 2.1 Shields


You had 2 spell levels left.
You didn't know any spells.
Your spell library was empty.

Dungeon Overview and Level Annotations

Branches:
Dungeon (2/15)

Altars:


Innate Abilities, Weirdness & Mutations

You can wield a second weapon in your off-hand.
It takes a long time for you to wield or remove held weapons.
Your first few attacks do less damage.
You cannot equip rings or amulets.


Message History

You climb downwards.
The gnoll shouts! x3; The jackal barks!
You hear a bark!
Found a fizzy golden potion.
There is a stone staircase leading up here.
A jackal comes into view.
The jackal bites you but does no damage.
You block the jackal's attack. The jackal attacks as it pursues you!
The jackal bites you.
You slash the jackal!
You kill the jackal!
You slash the gnoll!
The gnoll is heavily wounded.
The gnoll hits you with a +0 whip.
You slash the gnoll!
You kill the gnoll!
The jackal bites you.
You slash the jackal!
You kill the jackal!
The gnoll closely misses you.
The gnoll hits you from afar with a +0 halberd.
You hit the gnoll but do no damage. The gnoll hits you with a +0 club.
The gnoll closely misses you.
You hit the gnoll.
The gnoll is lightly wounded.
The gnoll barely misses you.
The gnoll hits you from afar with a +0 halberd!
* * * LOW HITPOINT WARNING * * *
You are too injured to fight recklessly!
You are too injured to fight recklessly!
The gnoll attacks as it pursues you! The gnoll hits you with a +0 club.
* * * LOW HITPOINT WARNING * * *
You hit the gnoll but do no damage.
The gnoll is lightly wounded.
The gnoll completely misses you. The gnoll hits you with a +0 club.
* * * LOW HITPOINT WARNING * * *
Unknown command.
You hit the gnoll but do no damage.
The gnoll is lightly wounded.
The gnoll hits you with a +0 club.
You die...

.# .. . #.# ###
###. .g# ... ..#
..# #.# #.# g.# .##
#.## ##.##.g#..!.
#.@####...#.......
#..ggg....<.......
#.######......#....
..# ##.#.### . #.#
#.#.# #. ....# #
..h..# ####..# #..#


You could see 3 gnolls.

Vanquished Creatures
  A gnoll (D:2)
  2 dart slugs (D:1)
  3 endoplasms (D:1)
  A giant cockroach (D:1)
  5 hobgoblins (D:1)
  2 jackals (D:2)
  2 quokkas (D:1)
  A ball python (D:1)
  2 bats (D:1)
  A frilled lizard (D:1)
  4 kobolds (D:1)
  A rat (D:1)
25 creatures vanquished.

Notes
Turn   | Place    | Note
-------+----------+-------------------------------------------
     0 | D:1      | Remcycle the Coglin Fighter began the quest for the Orb.
     0 | D:1      | Reached XP level 1. HP: 18/18 MP: 1/1
   110 | D:1      | Reached XP level 2. HP: 24/24 MP: 2/2
   240 | D:1      | HP: 1/24 [quokka (3)]
   439 | D:1      | Reached XP level 3. HP: 17/29 MP: 3/3
   816 | D:2      | Slain by a gnoll

Illustrated notes

Levels and vault maps discovered:
D:1:      dpeg_arrival_refuge, layout_loops_ring
D:2:      layout_loops_ring, shapermc_ecumenical_altar_mp_ritualfount,
          uniq_crazy_yiuf_cottage, uniq_terence, uniq_natasha

Skill      XL: |  1  2 |
---------------+-------+-----
Long Blades    | 3 |  3.8
Fighting       | |  3.0
Armour         | |  2.6
Shields        | |  2.1

Action                     || total
---------------------------++-------
  Melee: Long sword        ||    56
 Armour: Scale mail        ||    49
  Dodge: Dodged            ||    26
  Block: Buckler           ||    13

Table legend: (Time is in decaauts)
 A = Elapsed time spent in this place.
 B = Non-inter-level travel time spent in this place.
 C = Inter-level travel time spent in this place.
 D = Time resting spent in this place.
 E = Time spent auto-exploring this place.
 F = Levels seen in this place.
 G = Mean time per level.
                   A        B        C        D        E       F      G
               +--------+--------+--------+--------+--------+-----+--------+
         Total |    832 |    808 |     24 |     89 |    587 |   2 |  416.0 |
       Dungeon |    832 |    808 |     24 |     89 |    587 |   2 |  416.0 |
               +--------+--------+--------+--------+--------+-----+--------+

Top non-repeatable levels by time:
     D:1: 814 daAuts
     D:2: 17 daAuts
